 Dungeon Crawl Stone Soup version 0.29-a0-477-g62b78b4225 (webtiles) character file.

Game seed: 8824252531342414592

32 Hubjo the Firebug (level 3, 0/20 HPs)
             Began as a Deep Elf Fire Elementalist on May 24, 2022.
             Was a Follower of Qazlal.
             Slain by a goblin
             ... wielding a +0 club
              (2 damage)
             ... on level 2 of the Dungeon.
             The game lasted 00:01:02 (1733 turns).

Hubjo the Firebug (Deep Elf Fire Elementalist)      Turns: 1733, Time: 00:01:03

Health: 0/20       AC:  2    Str:  5    XL:     3   Next: 10%
Magic:  9/9        EV: 12    Int: 21    God:    Qazlal [*.....]
Gold:   85         SH:  1    Dex: 15    Spells: 7/8 levels left

rFire   . . .      SeeInvis .   (no weapon)
rCold   . . .      Faith    .   (no shield)
rNeg    . . .      Spirit   .   a - +0 robe
rPois   .          Reflect  .   (no helmet)
rElec   .          Harm     .   (no cloak)
rCorr   .          Rampage  .   (no gloves)
Will    .....                   (no boots)
Stlth   ++........              (no amulet)
HPRegen 0.06/turn               (no ring)
MPRegen 0.11/turn               (no ring)

@: no status effects
A: no striking features
a: Renounce Religion


You were on level 2 of the Dungeon.
You worshipped Qazlal.
Qazlal was aware of your devotion.
You visited 1 branch of the dungeon, and saw 2 of its levels.

You collected 85 gold pieces.

Inventory:

Armour
 a - a +0 robe (worn)
Scrolls
 e - 3 scrolls of vulnerability {unknown}
 f - a scroll of enchant weapon {unknown}
 g - a scroll of identify {unknown}
 h - a scroll of fear {unknown}
 l - a scroll of poison {unknown}
 m - a scroll of amnesia {unknown}
Potions
 b - a potion of magic
 c - a potion of berserk rage {unknown}
 d - a potion of flight {unknown}
 i - a potion of lignification {unknown}
 j - a potion of curing {unknown}
 k - a potion of haste {unknown}


   Skills:
 * Level 1.3 Fighting
 - Level 2.4 Dodging
 + Level 3.0 Stealth
 + Level 3.4 Spellcasting
 - Level 1.1 Conjurations
 + Level 3.6 Fire Magic


You had 7 spell levels left.
You knew the following spells:

 Your Spells              Type           Power      Damage    Failure   Level
a - Foxfire               Conj/Fire      52%        2x1d6     4%          1

Your spell library contained the following spells:

 Spells                   Type           Power      Damage    Failure   Level
 Scorch                   Fire           36%        2d7       4%          2
 Apportation              Tloc           6%         N/A       13%         1
 Necrotize                Necr           12%        1d4       13%         1
 Summon Small Mammal      Summ           12%        N/A       13%         1
 Conjure Flame            Conj/Fire      13%        6-21      14%         3
 Inner Flame              Hex/Fire       11%        N/A       19%         3
 Flame Wave               Conj/Fire      13%        2d6       43%         4


Dungeon Overview and Level Annotations

Branches:
Dungeon (2/15)

Altars:
Qazlal


Message History

The frilled lizard closely misses you.
The frilled lizard completely misses you.
The frilled lizard bites you but does no damage.
The frilled lizard bites you. You block the frilled lizard's attack.
The frilled lizard is engulfed in blazing flames.
You kill the frilled lizard!
Qazlal accepts your kill.
l - a scroll labelled XEGIRYINEH
m - a scroll labelled RAHUIS HOWEIHU
There is an empty arch of ancient stone here.
A goblin comes into view. It is wielding a +0 club.
A goblin is nearby!
A goblin is nearby!
A goblin is nearby!
The goblin hits you but does no damage. The goblin barely misses you.
The goblin barely misses you. The goblin hits you with a +0 club.
The goblin hits you with a +0 club. The goblin hits you but does no damage.
The goblin closely misses you. The goblin closely misses you.
The goblin closely misses you. The goblin hits you with a +0 club.
The goblin hits you with a +0 club. The goblin closely misses you.
The goblin closely misses you. The goblin closely misses you.
The goblin hits you but does no damage. The goblin closely misses you.
The goblin hits you with a +0 club. The goblin hits you with a +0 club.
* * * LOW HITPOINT WARNING * * *
The goblin closely misses you. The goblin hits you with a +0 club.
* * * LOW HITPOINT WARNING * * *
The goblin closely misses you. The goblin hits you with a +0 club.
You die...

#....## #.##
#.##..########..#
#....∩..∩.....∩.#
#...............#
#...............# .
#.♣........8....# #..
##...............#
#..##.§....).........#
#..g@.∩..♣.....∩.._.#
####...............†#
#................#
#..∩..∩.....♣..∩.#
##...............#
##..............#
#♣.....∩..8..∩.#
#######.......#
#########


You could see a goblin.

Vanquished Creatures
  A dart slug (D:1)
  2 ball pythons
  6 bats
  2 giant cockroaches (D:1)
  A goblin (D:1)
  3 hobgoblins
  3 kobolds (D:1)
  3 quokkas
  A frilled lizard (D:2)
  4 rats
26 creatures vanquished.

Vanquished Creatures (others)
  172 foxfires
172 creatures vanquished.

Grand Total: 198 creatures vanquished

Notes
Turn   | Place    | Note
-------+----------+-------------------------------------------
     0 | D:1      | Hubjo the Deep Elf Fire Elementalist began the quest for
                  | the Orb.
     0 | D:1      | Reached XP level 1. HP: 10/10 MP: 6/6
   380 | D:1      | Reached XP level 2. HP: 16/16 MP: 4/8
   704 | D:1      | Reached skill level 1 in Fighting
  1393 | D:2      | Reached XP level 3. HP: 20/20 MP: 2/9
  1541 | D:2      | Found a faded altar of an unknown god.
  1624 | D:2      | Prayed at the altar of an unknown god.
  1624 | D:2      | Became a worshipper of Qazlal Stormbringer
  1624 | D:2      | Reached * piety under Qazlal
  1733 | D:2      | Slain by a goblin

Illustrated notes

Levels and vault maps discovered:
D:1:      lemuel_arrival_room, layout_basic, kennysheep_pointless_box
D:2:      layout_rooms, hellmonk_ecumenical_altar_arch_garden, uniq_robin

Skill      XL: |  1  2  3 |
---------------+----------+-----
Fighting       | 1 |  1.3
Stealth        | 3 |  3.0
Dodging        | |  2.4
Spellcasting   | |  3.4
Conjurations   | |  1.1
Fire Magic     | |  3.6

Action                   || total
-------------------------++-------
 Cast: Foxfire           ||    97
Armor: Robe              ||     6
Dodge: Dodged            ||    18
Block: Other             ||     1

Table legend: (Time is in decaauts)
 A = Elapsed time spent in this place.
 B = Non-inter-level travel time spent in this place.
 C = Inter-level travel time spent in this place.
 D = Time resting spent in this place.
 E = Time spent auto-exploring this place.
 F = Levels seen in this place.
 G = Mean time per level.
                   A        B        C        D        E       F      G
               +--------+--------+--------+--------+--------+-----+--------+
         Total |   1732 |   1701 |     31 |      0 |   1454 |   2 |  866.0 |
       Dungeon |   1732 |   1701 |     31 |      0 |   1454 |   2 |  866.0 |
               +--------+--------+--------+--------+--------+-----+--------+

Top non-repeatable levels by time:
     D:1: 1315 daAuts
     D:2: 417 daAuts
